 Dungeon Crawl Stone Soup version 0.32-a0-931-g5a2cda0630 (webtiles) character file.

Game seed: 7202425608377099551

23 Meejax the Cudgeller (level 2, 0/19 HPs)
             Began as a Demonspawn Gladiator on Apr 13, 2024.
             Slain by an adder (3 damage)
             ... on level 2 of the Dungeon.
             The game lasted 00:01:43 (1479 turns).

Meejax the Cudgeller (Demonspawn Gladiator)         Turns: 1479, Time: 00:01:44

Health: 0/19       AC:  4    Str: 14    XL:     2   Next: 72%
Magic:  2/2        EV: 11    Int:  8    God:
Gold:   57         SH:  0    Dex: 14    Spells: 1/1 levels left

rFire   . . .        (no weapon)
rCold   . . .        (no shield)
rNeg    . . .        b - +0 leather armour
rPois   .            c - +0 helmet
rElec   .            (no cloak)
rCorr   .            (no gloves)
SInv    .            (no boots)
Will    .....        (no amulet)
Stlth   +            (no ring)
HPRegen 0.23/turn    (no ring)
MPRegen 0.08/turn

%: no passive effects
@: no status effects
A: claws 1, frail 1, high MP 1
a: no special abilities


You were on level 2 of the Dungeon.
You visited 1 branch of the dungeon, and saw 2 of its levels.

You collected 57 gold pieces.

Inventory:

Hand Weapons
 g - a +4 dagger
Missiles
 d - 3 throwing nets (quivered)
 e - a javelin
Armour
 b - a +0 leather armour (worn)
 c - a +0 helmet (worn)
Scrolls
 h - 3 scrolls of teleportation {unknown}
 i - 2 scrolls of vulnerability {unknown}
Potions
 a - a potion of enlightenment
 k - a potion of haste


   Skills:
 + Level 2.0 Fighting
 - Level 3.1 Maces & Flails
 + Level 1.9 Throwing
 + Level 0.1 Armour
 + Level 2.9 Dodging
 * Level 0.6 Unarmed Combat


You had one spell level left.
You didn't know any spells.
Your spell library contained the following spells:

 Spells                   Type           Power      Damage    Failure   Level
 Kiss of Death            Conj/Necr      0%         2d5       50%         1
 Mercury Vapours          Alch/Air       0%         N/A       63%         2
 Confusing Touch          Hex            0%         N/A       86%         3
 Mephitic Cloud           Conj/Alch/Air  0%         N/A       86%         3
 Dispel Undead            Necr           0%         3d6       99%         4
 Freezing Cloud           Conj/Ice/Air   0%         6-21      100%        5


Dungeon Overview and Level Annotations

Branches:
Dungeon (2/15)

Altars:
Xom


Innate Abilities, Weirdness & Mutations

You have sharp fingernails.
You are frail. (-10% HP)
You have an increased reservoir of magic. (+10% MP)


Message History

You closely miss the adder.
The adder is lightly wounded.
The adder closely misses you.
You closely miss the adder.
The adder is lightly wounded.
The adder bites you but does no damage.
You scratch the adder.
The adder is moderately wounded.
The adder bites you. The adder bites you but does no damage.
You scratch the adder.
The adder is moderately wounded.
The adder bites you.
You are poisoned.
The adder poisons you!
You miss the adder.
The adder is moderately wounded.
You feel sick. The adder bites you but does no damage.
You closely miss the adder.
The adder is moderately wounded.
You feel sick. The adder bites you.
You scratch the adder.
The adder is almost dead.
You feel sick. The adder misses you. The adder closely misses you.
You barely miss the adder.
The adder is almost dead.
You feel sick. The adder misses you.
You scratch the adder but do no damage.
The adder is almost dead.
You feel sick. The adder bites you.
* * * LOW HITPOINT WARNING * * *
You barely miss the adder.
The adder is almost dead.
You feel sick.
You are no longer poisoned.
The adder bites you.
* * * LOW HITPOINT WARNING * * *
You scratch the adder but do no damage.
The adder is almost dead.
The adder bites you.
You die...

#.# #......##.#.#.##
#.# #.._..#........#
#.# #.....#.#.#.#..#
#.....#.#.#.#..#
###..##.#.#.#..#
#####....#.#.#..#
...........#.#..#
................#
.......@.......###.#
#######S###........#
.... #.##.###.#
###.#.#.##.#
#.#.#.##.# ..#
#.#... ### #.#...
#.#...# ......#


You could see an adder.

Vanquished Creatures
  7 endoplasms
  3 goblins (D:1)
  A hobgoblin (D:1)
  3 jackals (D:1)
  A kobold (D:1)
  A ball python (D:1)
  A bat (D:1)
  A frilled lizard (D:2)
  A rat (D:2)
19 creatures vanquished.

Notes
Turn   | Place    | Note
-------+----------+-------------------------------------------
     0 | D:1      | Meejax the Demonspawn Gladiator began the quest for the
                  | Orb.
     0 | D:1      | Reached XP level 1. HP: 16/16 MP: 1/1
   174 | D:1      | Reached skill level 3 in Maces & Flails
   285 | D:1      | Gained mutation: You have sharp fingernails. [demonic
                  | ancestry]
   285 | D:1      | Reached XP level 2. HP: 10/22 MP: 2/2
  1434 | D:2      | Found a shimmering altar of Xom.
  1467 | D:2      | Gained mutation: You are frail. (-10% HP) [potion of
                  | mutation]
  1467 | D:2      | Gained mutation: You have an increased reservoir of magic.
                  | (+10% MP) [potion of mutation]
  1479 | D:2      | Slain by an adder

Illustrated notes

Levels and vault maps discovered:
D:1:      shiori_arrival_elements, layout_loops_ring, serial_co_window_serial,
          co_window_paths_b, co_window_paths_b, co_window_paths_a,
          co_window_paths_a, co_window_corner_a, co_window_unsneaky_path_a,
          co_window_paths_c, co_window_unsneaky_path_e, co_window_paths_c,
          co_window_broadway_c, co_window_corner_b, glass_columns_a,
          glass_columns_b, glass_columns_a, glass_columns_a,
          dreamdust_princess_bridge, hex_tiny, bh_walls_and_bars
D:2:      layout_basic, serial_bayou, serial_bayou_pond_b, serial_bayou_shore_a,
          serial_bayou_pond_a, serial_bayou_pond_d, basic_altar,
          grunt_ministairs_14, minmay_diced_spiral

Skill      XL: |  1 |
---------------+----+-----
Maces & Flails | 3 |  3.1
Fighting       | |  2.0
Throwing       | |  1.9
Armour         | |  0.1
Dodging        | |  2.9
Unarmed Combat | |  0.6

Action                     || total
---------------------------++-------
  Melee: Flail             ||    12
         Unarmed           ||    69
    Use: Scroll            ||     3
         Potion            ||     1
 Armour: Leather armour    ||    40
  Dodge: Dodged            ||    62

Table legend: (Time is in decaauts)
 A = Elapsed time spent in this place.
 B = Non-inter-level travel time spent in this place.
 C = Inter-level travel time spent in this place.
 D = Time resting spent in this place.
 E = Time spent auto-exploring this place.
 F = Levels seen in this place.
 G = Mean time per level.
                   A        B        C        D        E       F      G
               +--------+--------+--------+--------+--------+-----+--------+
         Total |   1483 |   1434 |     49 |      0 |   1240 |   2 |  741.5 |
       Dungeon |   1483 |   1434 |     49 |      0 |   1240 |   2 |  741.5 |
               +--------+--------+--------+--------+--------+-----+--------+

Top non-repeatable levels by time:
     D:1: 1316 daAuts
     D:2: 167 daAuts
